 Dungeon Crawl Stone Soup version 0.22-a0-248-gc8378ba (webtiles) character file.

291 JeffiDaFish the Firebug (level 6, 0/45 HPs)
             Began as a Draconian Fire Elementalist on Feb 28, 2018.
             Slain by a hound (5 damage)
             ... on level 4 of the Dungeon.
             The game lasted 00:06:18 (2564 turns).

JeffiDaFish the Firebug (DrFE)                      Turns: 2564, Time: 00:06:19

Health: 0/45       AC:  6    Str: 10    XL:     6   Next: 10%
Magic:  1/12       EV: 12    Int: 18    God:
Gold:   153        SH:  0    Dex: 11    Spells: 5/13 levels left

rFire    . . .     SeeInvis .   d - +1 falchion
rCold    . . .     Gourm    .   (no shield)
rNeg     . . .     Faith    .   (armour unavailable)
rPois    .         Spirit   .   (helmet restricted)
rElec    .         Reflect  .   (no cloak)
rCorr    .         Harm     .   (no gloves)
MR       .....                  (no boots)
Stlth    ++........             (no amulet)
HPRegen  0.15/turn              (no ring)
MPRegen  0.13/turn              (no ring)

@: very slightly contaminated
A: unfitting armour, cold-blooded, AC +6
a: no special abilities


You were on level 4 of the Dungeon.
You were not hungry.

You visited 1 branch of the dungeon, and saw 4 of its levels.

You collected 153 gold pieces.

Inventory:

Hand Weapons
 d - a +1 falchion (weapon)
Scrolls
 b - 3 scrolls of fear
 c - 4 scrolls of remove curse
 e - 2 scrolls of teleportation
Comestibles
 a - 5 rations
 f - 2 chunks of flesh


   Skills:
 - Level 2.0 Dodging
 - Level 1.9 Stealth
 * Level 4.0 Spellcasting
 + Level 2.6 Conjurations
 * Level 4.8 Fire Magic


You had 5 spell levels left.
You knew the following spells:

 Your Spells              Type           Power        Failure   Level  Hunger
a - Flame Tongue          Conj/Fire      ###..        3%          1    None
b - Conjure Flame         Conj/Fire      ###.....     10%         3    ###....
c - Sticky Flame          Conj/Fire      ###.....     30%         4    ####...


Dungeon Overview and Level Annotations

Branches:
Dungeon (4/15)
 Temple: D:4-7

Altars:
Cheibriados
Dithmenos


Innate Abilities, Weirdness & Mutations

Your plain brown scales are hard. (AC +6)
You cannot fit into any form of body armour.
You are cold-blooded and may be slowed by cold attacks.


Message History

Confirm with . or Enter, or press ? or * to list all spells.
You don't have enough magic to cast that spell.
Casting: Sticky Flame (quite dangerous; 30% risk of failure)
Confirm with . or Enter, or press ? or * to list all spells.
Aiming: Flame Tongue (safe; 3% risk of failure)
Press: ? - help, Shift-Dir - straight line, f - hound
Aim: a hound (heavily wounded)
The flame tongue hits the hound.
The hound appears unharmed.
The hound is heavily wounded.
The hound misses you. The hound bites you but does no damage.
You aren't carrying any potions.
Casting: Flame Tongue (safe; 3% risk of failure)
Confirm with . or Enter, or press ? or * to list all spells.
Aiming: Flame Tongue (safe; 3% risk of failure)
Press: ? - help, Shift-Dir - straight line, f/p - hound
Aim: a hound (heavily wounded)
You miscast Flame Tongue.
You are momentarily dazzled by a flash of light!
The hound bites you.
You die...

#.........## #..# *,,
####....##.### #..#**,,
#.......##.# *..#*,,, #.......##.#
*,,*,,** *******#.......##.#
*,,*,*** ***,,,**#####...##.#
**,,*,**, ***,,,***,,,##..##.#
*,,,,,,,,
***,,,***,,,,##.##.#####*,,,,,,**
**,,,,,**,,*,,##@ยง......,,,,,,,,,
*,,,*,,,*,,**,,#h#######*********
,,,***,,,,***,,#o# *
,,,***,,,,***,,#.# *
,,,***,,,****,,#.#
*************,,..# **,..# **..#
****


You could see a hound and an orc.

Vanquished Creatures
  A hound (D:4)
  An orc priest (D:3)
  2 orc wizards
  Natasha (thrice) (D:3)
  A worker ant (D:4)
  3 adders
  3 leopard geckos
  7 orcs
  2 ball pythons (D:1)
  3 bats
  A giant cockroach (D:3)
  4 goblins
  2 hobgoblins
  2 quokkas
  6 frilled lizards
  7 kobolds
  10 rats
58 creatures vanquished.

Vanquished Creatures (others)
  A fire vortex (D:4)
1 creature vanquished.

Grand Total: 59 creatures vanquished

Notes
Turn   | Place    | Note
-------+----------+-------------------------------------------
     0 | D:1      | JeffiDaFish the Draconian Fire Elementalist began the quest for the Orb.
     0 | D:1      | Reached XP level 1. HP: 14/14 MP: 3/3
   123 | D:1      | Reached XP level 2. HP: 20/20 MP: 0/5
   658 | D:2      | Reached XP level 3. HP: 21/26 MP: 3/6
   673 | D:2      | Learned a level 3 spell: Conjure Flame
  1350 | D:3      | Noticed Natasha
  1353 | D:3      | Killed Natasha
  1353 | D:3      | Reached XP level 4. HP: 23/33 MP: 4/8
  1443 | D:3      | Learned a level 4 spell: Sticky Flame
  1608 | D:3      | Found a shadowy altar of Dithmenos.
  1699 | D:3      | Noticed Natasha
  1703 | D:3      | Killed Natasha
  1722 | D:3      | Noticed Natasha
  1727 | D:3      | Killed Natasha
  1876 | D:3      | Reached XP level 5. HP: 37/38 MP: 4/10
  2486 | D:4      | Found the +10 Black Knight's horse barding {ponderous, rPois rN+}
  2497 | D:4      | Found a snail-covered altar of Cheibriados.
  2554 | D:4      | Reached XP level 6. HP: 33/45 MP: 1/11
  2564 | D:4      | Slain by a hound

Vault maps used:
D:1:      lemuel_arrival_river_ford
D:2:      first_ration, minmay_tetromino_o2
D:3:      cheibrodos_helix_gallery, grunt_dithmenos_smoke_and_mirrors,
          uniq_natasha
D:4:      lemuel_doored_altar, minmay_misc_feat_tiny, hangedman_glass_teeth

Skill      XL: |  1  2  3  4  5  6 |
---------------+-------------------+-----
Dodging        | 2 |  2.0
Spellcasting   | 3 4 |  4.0
Conjurations   | 2 |  2.6
Fire Magic     | 4 |  4.8
Stealth        | |  1.9

Action                   |  1- 3 |  4- 6 || total
-------------------------+-------+-------++-------
Melee: Unarmed           |    20 |       ||    20
       Tailslap          |     4 |    10 ||    14
       Falchion          |    33 |    51 ||    84
 Cast: Flame Tongue      |    41 |    30 ||    71
       Sticky Flame      |       |     6 ||     6
  Use: Scroll            |     5 |     2 ||     7
       Potion            |     3 |     3 ||     6
 Stab: Sleeping          |       |     1 ||     1
  Eat: Chunk             |     2 |     5 ||     7
Armor: Skin              |    23 |    22 ||    45
Dodge: Dodged            |    41 |    52 ||    93
       Rpst.: Falchion   |     2 |    12 ||    14

Table legend:
 A = Spawn XP
 B = Non-spawn XP
 C = Spawn XP percentage of total XP
 D = Spawn monster count
 E = Non-spawn monster count
 F = Spawn count percentage of total count
 G = Total turns spent on level
                    A         B        C        D         E        F      G
               +---------+---------+-------+---------+---------+-------+---------
         Total |       0 |     416 |   0.0 |       0 |      58 |   0.0 |  2564
               +---------+---------+-------+---------+---------+-------+---------
           D:1 |       0 |      23 |   0.0 |       0 |      16 |   0.0 |   515
           D:2 |       0 |      29 |   0.0 |       0 |      13 |   0.0 |   554
           D:3 |       0 |     221 |   0.0 |       0 |      18 |   0.0 |  1063
           D:4 |       0 |     143 |   0.0 |       0 |      11 |   0.0 |   432
               +---------+---------+-------+---------+---------+-------+---------
